 Dungeon Crawl Stone Soup version 0.19-a0-1697-g0595f0e (webtiles) character file.

2608 Amnesiac the Basher (level 9, 0/105 HPs)
             Began as an Ogre Monk on Sept 26, 2016.
             Was a High Priest of Okawaru.
             Slain by a sixfirhy (9 damage)
             ... summoned by a kobold demonologist
             ... in a bailey.
             The game lasted 00:09:59 (7675 turns).

Amnesiac the Basher (Ogre Monk)                     Turns: 7675, Time: 00:09:59

Health: 0/105      AC:  6    Str: 18    XL:     9   Next: 59%
Magic:  9/9        EV: 13    Int: 12    God:    Okawaru [*****.]
Gold:   360        SH:  0    Dex: 15    Spells: 0 memorised, 8 levels left

rFire  . . .     SeeInvis .     y - +0 giant club
rCold  . . .     Gourm    .     t - troll hide {Purgy}
rNeg   . . .     Faith    .     (shield currently unavailable)
rPois  .         Spirit   .     (helmet restricted)
rElec  .         Dismiss  .     i - +1 cloak {MR+}
rCorr  .         Reflect  .     (gloves unavailable)
MR     +....     Harm     .     (boots unavailable)
Stlth  +.........               (no amulet)
                                (no ring)
                                n - +3 ring of intelligence

@: about to teleport, very slightly contaminated, invisible
A: unfitting armour, tough skin 1
a: Heroism, Finesse, Renounce Religion


You were in a bailey.
You worshipped Okawaru.
Okawaru was extremely pleased with you.
You were not hungry.

You visited 1 branch of the dungeon, and saw 7 of its levels.
You also visited: Sewer, Ossuary and Bailey.

You collected 360 gold pieces.

Inventory:

Hand Weapons
 j - a +0 giant spiked club
 y - a +0 giant club (weapon)
Missiles
 f - 2 large rocks (quivered)
 x - 2 throwing nets
Armour
 b - a +0 robe
 i - a +1 cloak of magic resistance (worn)
 t - a troll hide (worn) {Purgy}
Jewellery
 n - a +3 ring of intelligence (left hand)
Wands
 q - a wand of heal wounds (0/9)
 D - a wand of flame (17/48)
Scrolls
 a - 4 scrolls of identify
 s - 3 scrolls of teleportation
 u - 2 scrolls of fear
 w - 2 scrolls of magic mapping
Potions
 d - 5 potions of curing
 e - 3 potions of heal wounds {unknown}
 h - 3 potions of brilliance {unknown}
 k - a potion of magic
 l - 2 potions of mutation {unknown}
 m - a potion of lignification
 r - 2 potions of might
 v - a potion of flight
 z - a potion of agility
 E - a potion of cure mutation
Books
 B - the Guide on the Birds and Unholy Magic
   (You found it on level 6 of the Dungeon)

   Spells                             Type                      Level
   a - Pain                           Necromancy                   1
   b - Summon Lightning Spire         Summoning/Air                4
   c - Simulacrum                     Ice/Necromancy               6
   d - Tornado                        Air                          9
Comestibles
 c - 6 bread rations
 g - 4 meat rations
 o - 3 chunks of flesh
 A - 6 beef jerkies


   Skills:
 * Level 11.0 Fighting
 * Level 11.2 Maces & Flails
 + Level 5.9 Dodging
 - Level 1.5 Stealth


You had 8 spell levels left.
You didn't know any spells.

Dungeon Overview and Level Annotations

Branches:
Dungeon (7/15)
 Temple: D:4-7

Altars:
Nemelex Xobeh
Okawaru
Vehumet
Xom
Zin


Innate Abilities, Weirdness & Mutations

You are too large for most types of armour.
You have tough skin. (AC +1)


Message History

The kobold demonologist gestures wildly while chanting.
The goblin closely misses you.
The orc warrior hits you with a war axe!
* * * LOW HITPOINT WARNING * * *
Unknown command.
As you read the scroll of teleportation, it crumbles to dust.
You feel strangely unstable.
Your attacks no longer feel as feeble.
The hellwing gives a chilling moan.
The sixfirhy closely misses you. The goblin barely misses you.
The sixfirhy closely misses you.
Unknown command.
You feel better.
The white imp shouts!
The sixfirhy hits you.
* * * LOW HITPOINT WARNING * * *
The sixfirhy shocks you!
* * * LOW HITPOINT WARNING * * *
The sixfirhy completely misses you. The sixfirhy hits you!
You die...

#..#..K.#####''#.≈≈≈≈≈......#
#..#...)##.....#.≈≈≈≈≈......###
## #....##....o'..............#
#._..##..⌠..'..........∩..∩#
#....##.....'.4............#
#....##.....#Kg5≈≈≈......###
#....#####++#o≈≈≈≈≈......#
)#....# #g3≈≈≈≈.######
#@o≈≈≈≈≈# ###≈≈≈≈≈# #≈≈≈≈≈#
#≈≈≈≈≈# #≈≈≈≈≈# #≈≈≈≈≈# ≈≈≈≈≈#


You could see a hellwing (wandering), a kobold demonologist, a sixfirhy, an orc
warrior, a white imp (wandering), an orc and 2 goblins.

Vanquished Creatures
  A kobold demonologist (Bailey)
  Purgy (Sewer)
  An ice beast (D:5)
  An orc warrior (Bailey)
  A sky beast (D:5)
  4 ogres
  2 phantoms
  A necrophage (D:6)
  3 centaurs
  Blork the orc (D:5)
  2 elf zombies (Ossuary)
  A gnoll sergeant (D:5)
  A scorpion (D:4)
  A howler monkey (D:6)
  An electric eel (Bailey)
  A bullfrog zombie (D:5)
  A centaur zombie (Ossuary)
  4 hounds
  An orc priest (D:3)
  A jelly (D:5)
  Ijyb (D:3)
  An iguana (D:5)
  5 worker ants
  2 big kobold zombies (Ossuary)
  3 mummies (Ossuary)
  7 gnolls
  8 adders
  A shadow imp (D:3)
  An ooze (D:4)
  4 adder zombies
  3 worms
  A dart slug (D:1)
  3 leopard geckos
  8 orcs
  4 bats
  8 giant cockroaches
  A gnoll zombie (Ossuary)
  11 goblins
  6 hobgoblins
  8 jackals
  3 quokkas
  2 ball pythons (Sewer)
  6 frilled lizards
  A hobgoblin zombie (Ossuary)
  6 jackal zombies
  6 kobolds
  6 kobold zombies (Ossuary)
  2 orc zombies (Ossuary)
  3 quokka zombies (Ossuary)
  16 rats
  6 rat zombies (Ossuary)
173 creatures vanquished.

Notes
Turn   | Place    | Note
-------+----------+-------------------------------------------
     0 | D:1      | Amnesiac the Ogre Monk began the quest for the Orb.
     0 | D:1      | Reached XP level 1. HP: 24/24 MP: 1/1
   201 | D:2      | Reached XP level 2. HP: 32/32 MP: 2/2
   319 | D:3      | Noticed Ijyb
   320 | D:3      | Reached XP level 3. HP: 40/40 MP: 3/3
   475 | D:4      | Found a shimmering altar of Xom.
   485 | D:4      | Found a radiant altar of Vehumet.
   497 | D:4      | Found a glowing silver altar of Zin.
   497 | D:4      | Noticed a scorpion
   511 | D:4      | Killed a scorpion
   511 | D:4      | Reached skill level 5 in Fighting
   511 | D:4      | Reached skill level 5 in Maces & Flails
   511 | D:4      | Reached XP level 4. HP: 49/50 MP: 4/4
   520 | D:4      | Found an iron altar of Okawaru.
   524 | D:4      | Became a worshipper of Warmaster Okawaru
   524 | D:4      | Reached * piety under Okawaru
   524 | D:4      | Reached ** piety under Okawaru
   564 | D:4      | Found a sand-covered staircase.
   571 | Ossuary  | Entered an ossuary
   613 | Ossuary  | Reached XP level 5. HP: 11/58 MP: 5/5
  1607 | Ossuary  | Reached XP level 6. HP: 35/67 MP: 6/6
  2421 | D:4      | Found a sparkling altar of Nemelex Xobeh.
  2813 | D:3      | Killed Ijyb
  3242 | D:1      | Reached XP level 7. HP: 73/76 MP: 7/7
  4283 | D:3      | Found a faded altar of an unknown god.
  5090 | D:5      | Entered Level 5 of the Dungeon
  5114 | D:5      | Reached *** piety under Okawaru
  5243 | D:5      | Reached XP level 8. HP: 59/89 MP: 8/8
  5407 | D:5      | Found a glowing drain.
  5449 | Sewer    | Entered a sewer
  5515 | Sewer    | Noticed Purgy
  5524 | Sewer    | Killed Purgy
  5686 | D:5      | Noticed Blork the orc
  5695 | D:5      | Killed Blork the orc
  5857 | D:5      | Reached **** piety under Okawaru
  5857 | D:5      | Reached skill level 5 in Dodging
  5892 | D:5      | Reached skill level 10 in Maces & Flails
  6211 | D:6      | Identified the Guide on the Birds and Unholy Magic
  6213 | D:6      | Reached XP level 9. HP: 83/101 MP: 9/9
  6842 | D:6      | Reached skill level 10 in Fighting
  7505 | D:7      | Found a flagged portal.
  7520 | Bailey   | Entered a bailey
  7564 | Bailey   | Reached ***** piety under Okawaru
  7642 | Bailey   | Found an iron altar of Okawaru.
  7642 | Bailey   | Noticed a kobold demonologist
  7642 | Bailey   | Noticed a kobold demonologist
  7644 | Bailey   | Noticed an orange demon
  7649 | Bailey   | Killed a kobold demonologist
  7671 | Bailey   | Noticed a sixfirhy
  7672 | Bailey   | Noticed a hellwing
  7675 | Bailey   | Slain by a sixfirhy

Vault maps used:
D:1:      lordsloth_arrival_two_stooges, minivault_19
D:2:      first_bread, minmay_tripent
D:3:      ecumenical_altar_1, minivault_5, uniq_iyjb
D:4:      grunt_temple_overflow_cloverleaf, nicolae_ossuary_entry_plus,
          nemelex_lonely_heart_becter
D:5:      gup_sewer_entry_glass, uniq_blork_the_orc
D:7:      kennysheep_spiral_hall, tso_altar, enter_bailey_3, grunt_ogre_cave
Sewer:    sewer_co_purgy_island
Ossuary:  minmay_ossuary_two_tombs
Bailey:   bailey_axe_of_yendor_kennysheep, bailey

Skill      XL: |  1  2  3  4  5  6  7  8  9 |
---------------+----------------------------+-----
Fighting       | 5 6 8 9 11 | 11.0
Maces & Flails | 5 6 7 8 10 11 | 11.2
Dodging        | 3 4 5 |  5.9
Stealth        | |  1.5

Action                   |  1- 3 |  4- 6 |  7- 9 || total
-------------------------+-------+-------+-------++-------
Melee: Mace              |    32 |   312 |   143 ||   487
       Giant spiked club |       |       |   109 ||   109
       Giant club        |       |       |    64 ||    64
Throw: Large rock        |     3 |       |     8 ||    11
  Use: Scroll            |       |     6 |     9 ||    15
       Potion            |       |       |     6 ||     6
 Stab: Sleeping          |       |     2 |     3 ||     5
       Distracted        |       |       |     1 ||     1
  Eat: Bread ration      |       |     1 |       ||     1
       Chunk             |       |     3 |    15 ||    18
Armor: Robe              |    11 |    81 |    82 ||   174
       Troll hide        |       |       |    38 ||    38
Dodge: Dodged            |    17 |   151 |   266 ||   434
